 Dungeon Crawl Stone Soup version 0.25-a0-341-g6f074c887a (webtiles) character file.

Game seed: 14028315305187264301, levelgen mode: deterministic

138 Goblin1989 the Chopper (level 5, -3/41 HPs)
             Began as a Demonspawn Chaos Knight on Dec 31, 2019.
             Was a Plaything of Xom.
             Slain by a deep troll (glowing shapeshifter) (22 damage)
             ... on level 4 of the Dungeon.
             The game lasted 00:02:55 (2112 turns).

Goblin1989 the Chopper (Demonspawn Chaos Knight)    Turns: 2112, Time: 00:02:56

Health: -3/41      AC:  7    Str: 13    XL:     5   Next: 1%
Magic:  5/5        EV: 11    Int: 13    God:    Xom [.*....]
Gold:   209        SH:  0    Dex: 13    Spells: 4/4 levels left

rFire    . . .     SeeInvis .   a - +0 hand axe (chaos)
rCold    . . .     Gourm    .   (no shield)
rNeg     + . .     Faith    .   b - +2 leather armour
rPois    .         Spirit   .   (no helmet)
rElec    .         Reflect  .   (no cloak)
rCorr    +         Harm     .   (no gloves)
MR       .....                  (no boots)
Stlth    +.........             (no amulet)
HPRegen  0.13/turn              s - ring of positive energy
MPRegen  0.09/turn              g - ring of resist corrosion

@: slowed, very slow
A: yellow scales 1, spiny 2
a: Renounce Religion


You were on level 4 of the Dungeon.
You worshipped Xom.
You were a plaything of Xom.
You were not hungry.

You visited 1 branch of the dungeon, and saw 4 of its levels.

You collected 209 gold pieces.

Inventory:

Hand Weapons
 a - a +0 hand axe of chaos (weapon)
Missiles
 n - 8 boomerangs (quivered)
Armour
 b - a +2 leather armour (worn)
 m - a +2 pair of boots
Jewellery
 g - a ring of resist corrosion (right hand)
 s - a ring of positive energy (left hand)
 y - a cursed -3 ring of strength {unknown}
Wands
 t - a wand of digging (5) {@v1}
Scrolls
 f - a scroll of teleportation {unknown}
 h - a scroll of noise {unknown}
 i - 2 scrolls of fog {unknown}
 o - 2 scrolls of enchant armour {unknown}
 p - 3 scrolls of enchant weapon {unknown}
 u - 2 scrolls of remove curse {unknown}
 v - a scroll of amnesia {unknown}
 w - a scroll of identify {unknown}
 x - a scroll of magic mapping {unknown}
Potions
 j - 3 potions of degeneration {unknown}
 k - 2 potions of ambrosia {unknown}
 l - 2 potions of flight {unknown}
 q - a potion of might {unknown}
Comestibles
 e - 7 rations


   Skills:
 - Level 3.0 Fighting
 + Level 5.2 Axes
 - Level 1.7 Armour
 - Level 0.8 Dodging


You had 4 spell levels left.
You didn't know any spells.
Your spell library was empty.

Dungeon Overview and Level Annotations

Branches:
Dungeon (4/15)
 Temple: D:4-7

Altars:


Innate Abilities, Weirdness & Mutations

You are partially covered in yellow scales. (AC +2)
You are mostly covered in sharp spines.


Message History

The worker ant is heavily wounded.
The worker ant closely misses you.
You hit the worker ant. You burn the worker ant.
The worker ant is severely wounded.
The worker ant is struck by your spines.
The worker ant closely misses you.
You hit the worker ant. You burn the worker ant.
You kill the worker ant!
No target in view!
No target in view!
No target in view!
No target in view!
No target in view!
No target in view!
No target in view!
No target in view!
No target in view!
No target in view!
No target in view!
No target in view!
No target in view!
No target in view!
No target in view!
No target in view!
A ball python and an orc come into view.
There are monsters nearby!
There are monsters nearby!
There are monsters nearby!
The ball python hisses angrily.
The orc shouts!
You hear a shout! x2
An orc comes into view. It is wielding a +0 hand axe.
An orc wizard comes into view. It is wielding a +0 dagger.
You hear an angry hiss.
You hit the orc.
The orc is poisoned.
The orc is severely wounded.
You slash the orc!
You kill the orc!
You have reached level 5!
Your demonic ancestry asserts itself...
Sharp spines emerge from more of your body.
Xom thinks this is hilarious!
You closely miss the ball python.
An adder comes into view.
The ball python is struck by your spines.
You kill the ball python!
Health restored: 41; MP restored: 5 Unknown command.
Unknown command.
A worker ant comes into view.
The worker ant twitches its antennae in your direction.
The orc wizard hits you with a +0 dagger.
You take 2 damage, and have 39/41 hp.
You barely miss the orc wizard. You hit the adder but do no damage.
The adder changes into a glowing shapeshifter!
Xom roars with laughter!
The glowing shapeshifter changes into a deep troll!
The orc wizard mumbles some strange words.
The orc wizard seems to speed up.
An orc comes into view.
You slash the deep troll!
The deep troll is lightly wounded.
You barely miss the orc wizard.
The orc wizard gestures wildly while chanting.
The orc wizard blinks!
The orc is struck by your spines. The orc closely misses you.
Unknown command.
You barely miss the orc.
The orc is almost dead.
You hit the deep troll but do no damage.
The orc wizard casts a spell at you.
You feel yourself slow down. The deep troll barely misses you.
The deep troll claws you! The deep troll barely misses you.
The orc throws a boomerang.
The boomerang hits you.
The weapon returns to the orc!
You take 19 damage, and have 20/41 hp.
MASSIVE DAMAGE!!
You are too injured to fight recklessly!
Unknown command.
You are too injured to fight recklessly!
Unknown command.
The orc wizard points at you and mumbles some strange words.
The magic dart hits you.
The orc wizard is struck by your spines.
The orc wizard hits you with a +0 dagger.
* * * LOW HITPOINT WARNING * * *
You see here 13 gold pieces.
The worker ant is struck by your spines.
The worker ant bites you but does no damage.
The orc wizard barely misses you. The worker ant closely misses you.
The orc wizard hits you but does no damage.
You take 2 damage, and have 18/41 hp.
Unknown command.
The worker ant is struck by your spines.
The worker ant bites you but does no damage.
The orc wizard gestures wildly while chanting.
The orc wizard blinks!
The worker ant closely misses you.
The worker ant bites you but does no damage.
The deep troll bites you!!
Ouch! That really hurt!
You die...
Xom is highly amused!

█.███ ██...█
.██..█.███████████
..................█
██.█.██.███.████..█
█.█.██.███.████..██
..................
.█$█.██.███.██..██
.█.......T@.....█
█.█.█.█o██a█.██..█
█...█.o......█ ..█
█....$.█.█.....█
█.█.%....█.██..█
........█...█ ..█
█.█.██.█.█.█.██..█
...........█.....█
█.███.██.█.█.██..█


You could see a deep troll shaped shifter, a worker ant and an orc.

Vanquished Creatures
  A worker ant (D:4)
  6 adders
  An ooze (D:2)
  A leopard gecko (D:1)
  An orc (D:4)
  8 bats
  5 giant cockroaches
  3 goblins
  6 hobgoblins
  2 jackals (D:1)
  4 ball pythons
  6 frilled lizards
  7 kobolds
  7 rats
58 creatures vanquished.

Notes
Turn   | Place    | Note
-------+----------+-------------------------------------------
     0 | D:1      | Goblin1989 the Demonspawn Chaos Knight began the quest for
                  | the Orb.
     0 | D:1      | Reached XP level 1. HP: 18/18 MP: 1/1
    76 | D:1      | Reached skill level 3 in Axes
   211 | D:1      | Gained mutation: You are partially covered in sharp spines.
                  | [demonic ancestry]
   211 | D:1      | Reached XP level 2. HP: 22/24 MP: 2/2
   251 | D:1      | XOM: divination: magic mapping
   455 | D:1      | XOM: harmless Summ miscast
   459 | D:1      | Reached XP level 3. HP: 29/29 MP: 3/3
   621 | D:2      | Reached skill level 4 in Axes
   905 | D:2      | Gained mutation: You are partially covered in yellow
                  | scales. (AC +2) [demonic ancestry]
   905 | D:2      | Reached XP level 4. HP: 29/35 MP: 4/4
  1248 | D:2      | XOM: god gift: 29 stones {god gift}
  1292 | D:2      | XOM: god gift: 35 gold pieces {god gift}
  1529 | D:3      | Found a faded altar of an unknown god.
  1961 | D:3      | Reached skill level 5 in Axes
  2080 | D:4      | Noticed an ogre
  2080 | D:4      | XOM: 3-stop teleportation journey
  2100 | D:4      | Gained mutation: You are mostly covered in sharp spines.
                  | [demonic ancestry]
  2100 | D:4      | Reached XP level 5. HP: 41/41 MP: 5/5
  2103 | D:4      | Noticed a glowing shapeshifter
  2103 | D:4      | an adder changed into a glowing shapeshifter
  2103 | D:4      | Noticed a deep troll
  2103 | D:4      | a glowing shapeshifter changed into a deep troll
  2112 | D:4      | Slain by a deep troll (glowing shapeshifter)

Levels and vault maps discovered:
D:1:      giann_horns, layout_rooms
D:2:      layout_rooms, first_ration
D:3:      layout_loops_ring, chequers_ecumenical_altar_simple
D:4:      layout_loops_ring, grunt_temple_overflow_open, minmay_diced_spiral,
          uniq_menkaure, uniq_sigmund

Skill      XL: |  1  2  3  4 |
---------------+-------------+-----
Axes           | 3 4 5 |  5.2
Fighting       | |  3.0
Armour         | |  1.7
Dodging        | |  0.8

Action                   |  1- 3 |  4- 6 || total
-------------------------+-------+-------++-------
Melee: Hand axe          |    71 |    43 ||   114
 Stab: Sleeping          |     2 |       ||     2
  Eat: Chunk             |       |     4 ||     4
Armor: Leather armour    |    18 |    18 ||    36
Dodge: Dodged            |    46 |    31 ||    77

Table legend:
 A = Non-vault XP
 B = Vault XP
 C = Vault XP percentage of total XP
 D = Non-vault monster count
 E = Vault monster count
 F = Vault count percentage of total count
                 A         B        C        D         E       F
            +---------+---------+-------+---------+---------+-------
      Total |     161 |      37 |  18.7 |      55 |       3 |   5.2
            +---------+---------+-------+---------+---------+-------
        D:1 |      45 |       0 |   0.0 |      29 |       0 |   0.0
        D:2 |      89 |       0 |   0.0 |      16 |       0 |   0.0
        D:3 |      25 |       0 |   0.0 |       9 |       0 |   0.0
        D:4 |       2 |      37 |  94.9 |       1 |       3 |  75.0
            +---------+---------+-------+---------+---------+-------

Levels and vault maps discovered:
D:1:      giann_horns, layout_rooms
D:2:      layout_rooms, first_ration
D:3:      layout_loops_ring, chequers_ecumenical_altar_simple
D:4:      layout_loops_ring, grunt_temple_overflow_open, minmay_diced_spiral,
          uniq_menkaure, uniq_sigmund
